 Dungeon Crawl Stone Soup version 0.30-a0-149-g7f746667c4 (webtiles) character file.

Game seed: 8648189774890411667

88 Lennethare the Chopper (level 4, 0/39 HPs)
             Began as a Hill Orc Monk on Sept 26, 2022.
             Hit by a boomerang thrown by an orc (6 damage)
             ... on level 3 of the Dungeon.
             The game lasted 00:04:24 (3053 turns).

Lennethare the Chopper (Hill Orc Monk)              Turns: 3053, Time: 00:04:24

Health: 0/39       AC:  5    Str: 15    XL:     4   Next: 53%
Magic:  4/4        EV: 12    Int: 10    God:
Gold:   199        SH:  0    Dex: 13    Spells: 3/3 levels left

rFire   . . .      SeeInvis +    a - +0 hand axe
rCold   . . .      Faith    .    (no shield)
rNeg    . . .      Spirit   .    d - +0 leather armour
rPois   .          Reflect  .    (no helmet)
rElec   .          Harm     .    w - +0 cloak
rCorr   .          Rampage  .    (no gloves)
Will    .....                    j - +0 pair of boots
Stlth   ++........               (no amulet)
HPRegen 0.13/turn                q - ring of see invisible
MPRegen 0.09/turn                (no ring)

@: no status effects
A: no striking features
a: no special abilities


You were on level 3 of the Dungeon.
You visited 1 branch of the dungeon, and saw 4 of its levels.

You collected 199 gold pieces.

Inventory:

Hand Weapons
 a - a +0 hand axe (weapon)
Missiles
 o - 22 stones (quivered)
Armour
 b - a +0 robe
 d - a +0 leather armour (worn)
 j - a +0 pair of boots (worn)
 w - a +0 cloak (worn)
Magical Staves
 x - a staff of cold
Jewellery
 q - a ring of see invisible (left hand)
Scrolls
 g - 3 scrolls of identify {unknown}
 k - 2 scrolls of teleportation {unknown}
 p - a scroll of blinking {unknown}
 r - a scroll of enchant armour {unknown}
 v - a scroll of vulnerability {unknown}
 y - a scroll of brand weapon {unknown}
Potions
 c - a potion of ambrosia
 e - 2 potions of curing {unknown}
 f - a potion of berserk rage {unknown}
 h - 2 potions of cancellation {unknown}
 l - a potion of degeneration {unknown}
 s - a potion of lignification {unknown}
 t - a potion of flight {unknown}
 u - a potion of attraction {unknown}


   Skills:
 - Level 3.6 Fighting
 + Level 6.9 Axes
 - Level 2.4 Dodging
 - Level 1.5 Stealth


You had 3 spell levels left.
You didn't know any spells.
Your spell library contained the following spells:

 Spells                   Type           Power      Damage    Failure   Level
 Ensorcelled Hibernation  Hex/Ice        0%         N/A       56%         2
 Passwall                 Tmut/Erth      0%         N/A       56%         2
 Swiftness                Air            0%         N/A       80%         3


Dungeon Overview and Level Annotations

Branches:
Dungeon (4/15)
 Temple: D:4-7

Altars:
Makhleb
Wu Jian


Message History

The orc barely misses you.
The orc priest invokes the aid of Beogh against you.
Beogh smites you! The orc hits you but does no damage. x2
The orc closely misses you.
There is a stone staircase leading up here.
The orc priest invokes the aid of Beogh against you.
Beogh smites you! The orc barely misses you. The orc hits you with a +0 dagger.
The orc closely misses you.
You climb upwards.
There is a stone staircase leading down here.
You hit the orc but do no damage. x2; You hit the orc.
The orc hits you with a +0 dagger. The orc closely misses you.
The orc barely misses you.
You barely miss the orc. You closely miss the orc. You hit the orc.
The orc hits you but does no damage. x3
You hit the orc but do no damage. You hit the orc. You closely miss the orc.
The orc barely misses you. x3
You hit the orc but do no damage. x2; You hit the orc.
The orc closely misses you. The orc hits you with a +0 dagger.
The orc hits you with a +0 hand axe.
* * * LOW HITPOINT WARNING * * *
You barely miss the orc.
The orc is severely wounded.
You hit the orc. x2; The orc hits you but does no damage.
The orc closely misses you. The orc barely misses you.
You slash the orc!
You kill the orc!
You hit the orc but do no damage. You barely miss the orc.
The orc completely misses you. The orc hits you but does no damage.
The orc hits you with a +0 dagger.
* * * LOW HITPOINT WARNING * * *
You see here a +0 dagger.
The orc hits you with a +0 dagger.
* * * LOW HITPOINT WARNING * * *
The orc attacks as you move away! The orc hits you but does no damage.
The orc attacks as you move away! The orc hits you but does no damage.
You see here a +0 leather armour.
The orc attacks as you move away! The orc hits you but does no damage.
The orc throws a boomerang.
The boomerang hits you.
You die...

#.#.....# #.#..##.#.#
#.#########.#..#....#
#.########.....#######
................>...<#
#.#########.####.)####
#.# #######.....o.#
#.###....#######o##
#.)......# #[#
#####....# #@#
#####....# #.#
.........# #.#
.........# #.#
.........#### #.#
.........+..# #.#
.........##.####.##
.........##.......#
.........#######..#


You could see 2 orcs.

Vanquished Creatures
  3 worms (D:2)
  2 dart slugs
  An orc (D:3)
  8 ball pythons
  8 endoplasms
  6 giant cockroaches
  8 hobgoblins
  3 quokkas
  10 bats
  5 frilled lizards
  5 goblins
  3 kobolds
  3 rats
65 creatures vanquished.

Vanquished Creatures (others)
  A plant (D:3)
1 creature vanquished.

Grand Total: 66 creatures vanquished

Notes
Turn   | Place    | Note
-------+----------+-------------------------------------------
     0 | D:1      | Lennethare the Hill Orc Monk began the quest for the Orb.
     0 | D:1      | Reached XP level 1. HP: 19/19 MP: 1/1
   181 | D:1      | Reached XP level 2. HP: 26/26 MP: 2/2
   272 | D:1      | Reached skill level 5 in Axes
   557 | D:1      | Reached XP level 3. HP: 23/31 MP: 3/3
   950 | D:1      | Found a faded altar of an unknown god.
  1520 | D:2      | Reached skill level 6 in Axes
  1767 | D:2      | Reached XP level 4. HP: 39/39 MP: 4/4
  1892 | D:2      | Found a burning altar of Makhleb.
  2439 | D:3      | Found an ornate altar of the Wu Jian Council.
  3053 | D:3      | Hit by a boomerang thrown by an orc

Illustrated notes

Levels and vault maps discovered:
D:1:      shiori_arrival_oz, layout_basic,
          shapermc_ecumenical_altar_mp_urbaneastern, minmay_misc_feat_room,
          minmay_misc_feat_pillars, st_stairs_6
D:2:      layout_loops_ring, basic_altar
D:3:      layout_basic, amcnicky_altar_gilded, corexii_shack
D:4:      layout_loops_corners, gup_sewer_entry_bubbles, gammafunk_ghost_split

Skill      XL: |  1  2  3 |
---------------+----------+-----
Axes           | 5 6 |  6.9
Fighting       | |  3.6
Dodging        | |  2.4
Stealth        | |  1.5

Action                   |  1- 3 |  4- 6 || total
-------------------------+-------+-------++-------
Melee: Hand axe          |   153 |   101 ||   254
       Punch             |     3 |       ||     3
  Use: Scroll            |       |     3 ||     3
 Stab: Sleeping          |     4 |     1 ||     5
Armor: Robe              |     4 |       ||     4
       Leather armour    |    38 |    37 ||    75
Dodge: Dodged            |   101 |    72 ||   173

Table legend: (Time is in decaauts)
 A = Elapsed time spent in this place.
 B = Non-inter-level travel time spent in this place.
 C = Inter-level travel time spent in this place.
 D = Time resting spent in this place.
 E = Time spent auto-exploring this place.
 F = Levels seen in this place.
 G = Mean time per level.
                   A        B        C        D        E       F      G
               +--------+--------+--------+--------+--------+-----+--------+
         Total |   3053 |   2929 |    124 |      0 |   2261 |   4 |  763.2 |
       Dungeon |   3053 |   2929 |    124 |      0 |   2261 |   4 |  763.2 |
               +--------+--------+--------+--------+--------+-----+--------+

Top non-repeatable levels by time:
     D:1: 1264 daAuts
     D:2: 1070 daAuts
     D:3: 656 daAuts
     D:4: 62 daAuts
